 Dungeon Crawl Stone Soup version 0.18.1-48-g4cf74bf (webtiles) character file.

4823 nikopol the Cleaver (level 10, -4/91 HPs)
             Began as a Minotaur Berserker on Sept 3, 2016.
             Was a High Priest of Trog.
             Killed by static electricity
             ... invoked by an insubstantial wisp
              (9 damage)
             ... on level 9 of the Dungeon.
             The game lasted 00:18:12 (7298 turns).

nikopol the Cleaver (Minotaur Berserker)            Turns: 7298, Time: 00:18:13

Health: -4/91      AC: 11    Str: 28    XL:     10   Next: 25%
Magic:  0/9        EV: 16    Int:  4    God:    Trog [*****.]
Gold:   467        SH:  0    Dex: 17    Spells: 0 memorised, 9 levels left

rFire  . . .     SeeInvis .     a - +2 hand axe (flame)
rCold  . . .     Gourm    .     m - +0 ring mail (curse)
rNeg   . . .     Faith    .     (no shield)
rPois  .         Spirit   +     (helmet restricted)
rElec  .         Dismiss  .     L - +1 cloak
rCorr  .         Reflect  .     (no gloves)
SustAt .         Harm     .     D - +1 pair of boots
MR     .....                    u - amulet of guardian spirit
Stlth  +.........               r - ring "Qypaixij" {Str+6 Slay-6} (curse)
                                E - +4 ring of dexterity

@: exhausted, slowed, very slow, not resistant to hostile enchantments, very
unstealthy
A: retaliatory headbutt, horns 2
a: Berserk, Trog's Hand, Brothers in Arms, Burn Spellbooks, Renounce Religion


You were on level 9 of the Dungeon.
You worshipped Trog.
Trog was extremely pleased with you.
You were very hungry.

You visited 1 branch of the dungeon, and saw 9 of its levels.

You collected 467 gold pieces.

Inventory:

Hand Weapons
 a - a +2 hand axe of flaming (weapon)
 z - a +1 shortbow of evasion
Missiles
 g - 92 arrows (quivered)
Armour
 m - a cursed +0 ring mail (worn)
 D - a +1 pair of boots (worn)
 L - a +1 cloak (worn)
Jewellery
 i - an uncursed ring of positive energy
 j - an uncursed ring of protection from magic
 r - the cursed ring "Qypaixij" (right hand) {Str+6 Slay-6}
   (You found it on level 7 of the Dungeon)

   [ring of slaying]

   It affects your strength (+6).
   It affects your accuracy and damage with ranged weapons and melee attacks
   (-6).
   It has a curse placed upon it.
 t - a +3 ring of strength
 u - an amulet of guardian spirit (around neck)
 C - the ring of Jawuh {rPois rC++ Str-4 Slay+3 SInv}
   (You found it on level 4 of the Dungeon)

   [ring of see invisible]

   It affects your strength (-4).
   It affects your accuracy and damage with ranged weapons and melee attacks
   (+3).
   It greatly protects you from cold.
   It protects you from poison.
   It lets you see invisible.
 E - a +4 ring of dexterity (left hand)
Wands
 b - a wand of hasting (2/9)
 A - a wand of digging (1/24)
Scrolls
 k - a scroll of fear {unknown}
 l - a scroll of vulnerability {unknown}
 p - 2 scrolls of amnesia {unknown}
 v - 6 scrolls of identify {unknown}
 x - 6 scrolls of remove curse {unknown}
 y - 3 scrolls of teleportation {unknown}
 B - 2 scrolls of magic mapping {unknown}
 G - a scroll of enchant armour {unknown}
 H - a scroll of enchant weapon {unknown}
 M - a scroll of immolation {unknown}
Potions
 e - 2 potions of magic {unknown}
 f - a potion of brilliance {unknown}
 h - 2 potions of heal wounds
 o - 4 potions of curing {unknown}
 q - 2 potions of flight {unknown}
 s - 2 potions of haste {unknown}
 w - 3 potions of might {unknown}
 F - a potion of resistance
Comestibles
 c - 5 bread rations
 d - 2 royal jellies
 n - 12 fruits
 I - 6 slices of pizza
 K - 4 meat rations


   Skills:
 + Level 9.0 Fighting
 * Level 10.1 Axes
 * Level 6.0 Bows
 + Level 8.1 Armour
 + Level 7.7 Dodging


You had 9 spell levels left.
You didn't know any spells.

Dungeon Overview and Level Annotations

Branches:
Dungeon (9/15)             Temple (0/1) D:6
   Lair: D:8-11         Orc: D:9-12

Altars:
Ashenzari
Dithmenos
Fedhas
Gozag
Kikubaaqudgha
Vehumet
Xom
The Shining One

Shops:
D:4 }   D:7 :


Innate Abilities, Weirdness & Mutations

You reflexively headbutt those who attack you in melee.
You have a pair of horns on your head.


Message History

The insubstantial wisp blinks!
Things that are here:
an adder corpse; a steam dragon corpse You see here a troll corpse.
You butcher the troll corpse.
Things that are here:
a troll hide; 6 chunks of flesh; a troll skeleton The insubstantial wisp completely misses you.
Things that are here:
an adder corpse; a steam dragon corpse The insubstantial wisp thrums sharply.
You are struck by lightning.
* * * LOW HITPOINT WARNING * * *
The lightning arcs!
The insubstantial wisp hits you.
* * * LOW HITPOINT WARNING * * *
You miss the insubstantial wisp.
The insubstantial wisp thrums sharply.
You are struck by lightning.
You die...

. #...##....(........#'###+###..
.....#..............#......#...
......#...#...#......#......#...
###...#...#..P##.....#......#...
#. #...##...#.....#......#...
#....#._.#.....#......#...
#....#P.P#.....+......#...
#....#####.....#......#...
########.@.....#
.......[v#+######
.................
...........#.....
..........§≈≈≈≈≈≈
..........§§≈≈≈§≈
#.......#≈≈≈..#§§
#........≈≈.$#(!§
#........≈≈..###.


You could see an insubstantial wisp.

Vanquished Creatures
  A hydra (D:9)
  2 trolls (D:9)
  Grinder (D:5)
  2 yaks (D:9)
  Sigmund (D:3)
  Eustachio (D:5)
  A steam dragon (D:9)
  Edmund (D:5)
  Menkaure (D:5)
  A water moccasin (D:8)
  2 ice beasts (D:9)
  A sky beast (D:9)
  A wasp (D:7)
  4 ogres
  A phantom (D:7)
  2 centaurs (D:6)
  5 big kobolds
  A giant frog (D:6)
  A howler monkey (D:5)
  2 crimson imps (D:6)
  A centaur zombie (D:5)
  2 hounds (D:7)
  A jelly (D:8)
  Crazy Yiuf (D:6)
  An orc priest (D:4)
  A centaur skeleton (D:7)
  2 gnoll shamans (D:4)
  Ijyb (D:2)
  A giant frog skeleton (D:6)
  Natasha (twice) (D:2)
  2 iguanas
  5 orc wizards
  5 worker ants
  2 sheep (D:9)
  A hound zombie (D:6)
  A worker ant zombie (D:7)
  8 gnolls (D:4)
  5 adders
  A shadow imp (D:9)
  3 worms
  4 dart slugs
  5 giant geckos
  32 orcs
  3 ball pythons
  6 giant cockroaches
  8 goblins
  9 hobgoblins
  11 jackals
  24 kobolds
  5 quokkas
  6 bats
  A giant gecko zombie (D:5)
  5 giant newts
  2 quokka zombies
  2 rats (D:3)
  A plant (D:9)
202 creatures vanquished.

Vanquished Creatures (others)
  A sky beast (D:9)
1 creature vanquished.

Grand Total: 203 creatures vanquished

Notes
Turn   | Place    | Note
--------------------------------------------------------------
     0 | D:1      | nikopol the Minotaur Berserker began the quest for the Orb.
     0 | D:1      | Reached XP level 1. HP: 19/19 MP: 0/0
    61 | D:1      | Reached XP level 2. HP: 27/27 MP: 1/1
   245 | D:1      | Reached skill level 4 in Axes
   584 | D:1      | Reached XP level 3. HP: 28/33 MP: 2/2
   754 | D:2      | Noticed Natasha
   762 | D:2      | Killed Natasha
   835 | D:2      | Found a shattered altar of Ashenzari.
   883 | D:2      | Reached ** piety under Trog
   914 | D:2      | Reached XP level 4. HP: 40/40 MP: 3/3
   937 | D:2      | Noticed Ijyb
   938 | D:2      | Paralysed by Ijyb for 3 turns
   964 | D:2      | Killed Ijyb
  1100 | D:2      | Found an opulent altar of Gozag.
  1149 | D:2      | Found a radiant altar of Vehumet.
  1418 | D:2      | Noticed Natasha
  1424 | D:2      | Killed Natasha
  1424 | D:2      | Reached XP level 5. HP: 39/47 MP: 1/4
  1942 | D:3      | Reached *** piety under Trog
  1946 | D:3      | Reached skill level 5 in Axes
  2137 | D:3      | Noticed Sigmund
  2144 | D:3      | Killed Sigmund
  2144 | D:3      | Reached skill level 5 in Fighting
  2144 | D:3      | Reached XP level 6. HP: 56/56 MP: 5/5
  2963 | D:4      | Got a coiled tin ring
  2972 | D:4      | Found Aniczis's Gadget Emporium.
  3008 | D:4      | Reached XP level 7. HP: 47/61 MP: 3/6
  3009 | D:4      | Reached skill level 6 in Axes
  3567 | D:4      | Reached skill level 5 in Dodging
  3568 | D:4      | Reached **** piety under Trog
  3805 | D:5      | Entered Level 5 of the Dungeon
  3808 | D:5      | Noticed Eustachio
  3827 | D:5      | Killed Eustachio
  3827 | D:5      | Reached skill level 5 in Armour
  3844 | D:5      | Found a blossoming altar of Fedhas.
  3885 | D:5      | Found a shimmering altar of Xom.
  3885 | D:5      | Found a shimmering altar of Xom.
  3885 | D:5      | Found a shimmering altar of Xom.
  3885 | D:5      | Found a shimmering altar of Xom.
  3886 | D:5      | Found a shimmering altar of Xom.
  3887 | D:5      | Noticed Grinder
  3901 | D:5      | Killed Grinder
  3958 | D:5      | Noticed Edmund
  3964 | D:5      | Reached XP level 8. HP: 66/71 MP: 5/7
  3973 | D:5      | Reached skill level 7 in Axes
  3976 | D:5      | Killed Edmund
  4010 | D:5      | Noticed Menkaure
  4017 | D:5      | Killed Menkaure
  4291 | D:5      | Found a shimmering altar of Xom.
  4429 | D:5      | Found a shimmering altar of Xom.
  4443 | D:5      | You fall through a shaft for 3 floors!
  4593 | D:6      | Identified the ring of Jawuh {rPois rC++ Str-4 Slay+3 SInv} (You found it on level 4 of the Dungeon)
  4795 | D:6      | Reached skill level 1 in Bows
  4930 | D:6      | Found a staircase to the Ecumenical Temple.
  4997 | D:6      | Reached skill level 8 in Axes
  5212 | D:6      | Found a glowing golden altar of the Shining One.
  5329 | D:6      | Noticed Crazy Yiuf
  5340 | D:6      | Killed Crazy Yiuf
  5628 | D:7      | Reached XP level 9. HP: 81/81 MP: 8/8
  5912 | D:7      | Found a shadowy altar of Dithmenos.
  5928 | D:7      | Found Maruxyr's Book Shop.
  5949 | D:7      | Got a shimmering copper ring
  6363 | D:8      | Reached ***** piety under Trog
  6412 | D:8      | Identified the cursed ring "Qypaixij" {Str+6 Slay-6} (You found it on level 7 of the Dungeon)
  6878 | D:9      | Noticed a troll
  6889 | D:9      | Killed a troll
  6889 | D:9      | Reached skill level 9 in Axes
  6941 | D:9      | Reached skill level 5 in Bows
  7140 | D:9      | Noticed a three-headed hydra
  7146 | D:9      | Killed a one-headed hydra
  7146 | D:9      | Reached XP level 10. HP: 70/90 MP: 5/9
  7239 | D:9      | Found a blossoming altar of Fedhas.
  7241 | D:9      | Found an ancient bone altar of Kikubaaqudgha.
  7264 | D:9      | Reached skill level 10 in Axes
  7298 | D:9      | Killed from afar by an insubstantial wisp

Skill      XL: |  1  2  3  4  5  6  7  8  9 10 |
---------------+-------------------------------+-----
Axes           | 4 5 6 8 9 10 | 10.1
Fighting       | 4 5 6 7 8 9 |  9.0
Dodging        | 3 4 5 6 7 |  7.7
Armour         | 3 4 5 6 7 8 |  8.1
Bows           | 2 5 6 |  6.0

Action                   |  1- 3 |  4- 6 |  7- 9 | 10-12 || total
-------------------------+-------+-------+-------+-------++-------
Melee: Hand axe          |    58 |   116 |   294 |    33 ||   501
       Headbutt          |     9 |    21 |    59 |     5 ||    94
 Fire: Shortbow          |       |       |    56 |       ||    56
Invok: Berserk           |       |     2 |     2 |     1 ||     5
  Eat: Chunk             |       |     8 |    14 |       ||    22
       Fruit             |       |       |     1 |       ||     1
       Pizza             |       |       |     1 |       ||     1
Armor: Animal skin       |    11 |       |       |       ||    11
       Leather armour    |     3 |     5 |       |       ||     8
       Ring mail         |       |    35 |   114 |    14 ||   163
Dodge: Dodged            |    37 |    69 |   218 |    24 ||   348
